 Dungeon Sprint DCSS version 0.24.0-37-gcf1ca852f1 (webtiles) character file.

Game seed: 222100739555143625, levelgen mode: deterministic

5481 theswoord the Cleaver (level 10, -5/133 HPs)
             Began as a Demonspawn Monk on Nov 26, 2019.
             Was the Champion of Kikubaaqudgha.
             Slain by a red devil
             ... wielding a +0 trident
              (9 damage)
             ... in the Dungeon (Sprint V: "Ziggurat Sprint").
             The game lasted 00:04:46 (1015 turns).

theswoord the Cleaver (Demonspawn Monk)             Turns: 1015, Time: 00:04:47

Health: -5/133     AC: 22    Str: 22    XL:     10   Next: 42%
Magic:  10/10      EV:  8    Int: 25    God:    Kikubaaqudgha [******]
Gold:   0          SH: 15    Dex: 21    Spells: 9/9 levels left

rFire    . . .     SeeInvis +   y - +14 obsidian axe {chop, +Fly SInv *Curse} (curse)
rCold    . . .     Gourm    .   z - +3 shield
rNeg     . . .     Faith    .   A - +5 crystal plate armour
rPois    .         Spirit   .   F - +2 hat {Int+3}
rElec    .         Reflect  .   G - +0 cloak "Temac" {Int+10 Stlth+}
rCorr    .         Harm     .   (gloves unavailable)
MR       .....     NoTele   +   (no boots)
Stlth    ..........             (no amulet)
HPRegen  0.32/turn              C - +6 ring of dexterity
MPRegen  0.12/turn              D - +6 ring of strength

@: berserking (expiring), mesmerised, drained, very quick
A: claws 3, repulsion field 2, blurry vision 1, clumsy 1, weak 1
a: Receive Corpses, Torment, Brand Weapon With Pain, Receive Necronomicon,
Renounce Religion, Evoke Flight


You were in the Dungeon.
You worshipped Kikubaaqudgha.
Kikubaaqudgha was exalted by your worship.
You were not hungry.

You visited 1 branch

Inventory:

Hand Weapons
 a - a +0 hand axe
 y - the cursed +14 obsidian axe (weapon) {chop, +Fly SInv *Curse}
   (You found it in the Dungeon)

   It inflicts extra damage upon your enemies.
   It lets you see invisible.
   It lets you fly.
   It curses itself when equipped.
   It has a curse placed upon it.
 B - a +5 executioner's axe
Armour
 b - a +0 robe
 z - a +3 shield (worn)
 A - a +5 crystal plate armour (worn)
 F - a +2 hat of intelligence (worn)
 G - the +0 cloak "Temac" (worn) {Int+10 Stlth+}
   (You found it in the Dungeon)

   It affects your intelligence (+10).
   It makes you more stealthy.
Jewellery
 C - a +6 ring of dexterity (left claw)
 D - a +6 ring of strength (right claw)
Wands
 v - a wand of disintegration (7)
 w - a wand of iceblast (7)
 x - a wand of acid (7)
Scrolls
 i - 4 scrolls of blinking
 m - 4 scrolls of enchant weapon
 p - 4 scrolls of amnesia
 q - 7 scrolls of fog
 r - a scroll of holy word
 s - 5 scrolls of identify
 t - 5 scrolls of remove curse
 u - 2 scrolls of fear
Potions
 d - 9 potions of curing
 e - 10 potions of heal wounds
 f - 6 potions of haste
 g - 7 potions of magic
 h - 2 potions of berserk rage
 j - 2 potions of brilliance
 k - 2 potions of invisibility
 l - 4 potions of resistance
 n - 5 potions of agility
 o - 5 potions of might
Comestibles
 c - 7 rations


   Skills:
 + Level 12.3(11.5) Fighting
 * Level 13.6(13.1) Axes
   Level 4.6(9.4) Maces & Flails
 - Level 9.4(8.7) Dodging
 - Level 8.4(7.7) Stealth
 + Level 8.2(7.5) Shields


You had 9 spell levels left.
You didn't know any spells.
Your spell library contained the following spells:

 Spells                   Type           Power        Failure   Level  Hunger
 Animate Skeleton         Necr           N/A          100%        1    ##.....
 Corona                   Hex            #......      100%        1    ##.....
 Freeze                   Ice            #...         100%        1    ##.....
 Pain                     Necr           #...         100%        1    ##.....
 Ensorcelled Hibernation  Hex/Ice        #.....       100%        2    ###....
 Sublimation of Blood     Necr           #.........   100%        2    ###....
 Confuse                  Hex            #.......     100%        3    ####...
 Dazzling Spray           Conj/Hex       #.....       100%        3    ####...
 Ignite Poison            Fire/Tmut/Pois #.......     100%        3    ####...
 Recall                   Summ/Tloc      N/A          100%        3    ####...
 Tukima's Dance           Hex            #.......     100%        3    ####...
 Vampiric Draining        Necr           #.........   100%        3    ####...
 Animate Dead             Necr           N/A          100%        4    #####..
 Leda's Liquefaction      Hex/Erth       #.........   100%        4    #####..
 Sticky Flame             Conj/Fire      #.......     100%        4    #####..
 Agony                    Necr           #.......     100%        5    ######.
 Bolt of Magma            Conj/Fire/Erth #.........   100%        5    ######.
 Borgnjor's Vile Clutch   Necr/Erth      #.........   100%        5    ######.
 Dispel Undead            Necr           #.......     100%        5    ######.
 Fireball                 Conj/Fire      #.........   100%        5    ######.
 Iskenderun's Battlesphe  Conj/Chrm      #.......     100%        5    ######.
 Summon Forest            Summ/Tloc      #.........   100%        5    ######.
 Yara's Violent Unravell  Hex/Tmut       #.........   100%        5    ######.
 Bolt of Fire             Conj/Fire      #.........   100%        6    #######
 Death Channel            Necr           #.........   100%        6    #######
 Iron Shot                Conj/Erth      #.........   100%        6    #######
 Statue Form              Tmut/Erth      #........    100%        6    #######
 Ring of Flames           Chrm/Fire      #.........   100%        7    #######
 Controlled Blink         Tloc           N/A          100%        8    #######
 Ignition                 Fire           #.........   100%        8    #######
 Shatter                  Erth           #.........   100%        9    #######


Dungeon Overview and Level Annotations

Branches:
Dungeon (1/1)

Altars:
Ashenzari
Cheibriados
Dithmenos
Elyvilon
Fedhas
Gozag
Hepliaklqana
Kikubaaqudgha
Makhleb
Nemelex Xobeh
Okawaru
Qazlal
Ru
Sif Muna
Trog
Uskayaw
Vehumet
Wu Jian
Xom
Yredelemnul
Zin
The Shining One
Beogh
Jiyva
Lugonu

Annotations:
D 1 transporter


Innate Abilities, Weirdness & Mutations

You have claws for hands.
You are surrounded by a moderate repulsion field. (EV +3)
Scrolls take you a little longer to read.
You are clumsy. (Dex -2)
You are weak. (Str -2)


Message History

You slice the storm dragon!!
You kill the storm dragon!
The storm dragon's corpse disappears in a puff of smoke!
You slash the golden dragon! You miss Rebeot.
Visions of slaying Rebeot flood into your mind.
Send 'em back where they came from!
Your ynoxinul shudders.
Your shield and crystal plate armour prevent you from hitting Rebeot.
Rebeot is moderately wounded.
You slice the golden dragon!!
You hit the golden dragon but do no damage.
Visions of slaying the golden dragon flood into your mind.
You block Rebeot's attack.
Your ynoxinul hits Rebeot but does no damage.
The golden dragon barely misses you.
The golden dragon claws you but does no damage.
You block the golden dragon's attack.
The red devil hits you from afar with a +0 trident!
You die...
Kikubaaqudgha rasps: "You have failed me!
Welcome... death!"

▓▓▓▓▓▓▓▓▓▓▓▓▓▓▓▓▓▓▓
▓...8©8...▓..8©8..▓
▓..})}.|..▓...[)..▓
▓...)[?...▓..))|..▓
▓.........▓.......▓
▓.........▓.......▓
▓...4.....▓...÷...▓
▓..3&D....▓.......▓
▓.▓D@...▓.▓.▓...▓.▓
▓....§....▓...©...▓
▓▓▓▓▓▓▓▓▓▓▓▓▓▓▓▓▓▓▓


You could see Rebeot, 2 golden dragons, a red devil and a friendly ynoxinul.

Vanquished Creatures
  A cacodemon (D)
  A thrashing horror (D)
  A wolf spider (D)
  An ugly thing (D)
  A rust devil (D)
  A hellwing (D)
  A polar bear (D)
  4 redbacks (D)
  A neqoxec (D)
  A golden eye (D)
  A soldier ant (shapeshifter) (D)
  A floating eye (D)
  A scorpion (D)
  3 crimson imps (D)
  2 quasits (D)
  An iron imp (D)
  A river rat (D)
  2 shadow imps (D)
  4 white imps (D)
  3 ufetubi (D)
  2 jackals (D)
  A ball python zombie (D)
  2 bat simulacra (D)
37 creatures vanquished.

Vanquished Creatures (collateral kills)
  A wolf spider (D)
  An ugly thing (D)
  A shining eye (D)
  A polar bear (D)
  A neqoxec (D)
  An ice beast (D)
6 creatures vanquished.

Grand Total: 43 creatures vanquished

Notes
Turn   | Place    | Note
-------+----------+-------------------------------------------
     0 | D        | theswoord the Demonspawn Monk began the quest for the Orb.
     0 | D        | Reached XP level 1. HP: 18/18 MP: 1/1
     0 | D        | Found a shimmering blue altar of Sif Muna.
     0 | D        | Found a sacrificial altar of Ru.
     0 | D        | Found a bloodstained altar of Trog.
     0 | D        | Found a stormy altar of Qazlal.
     0 | D        | Found an iron altar of Okawaru.
     0 | D        | Found a sparkling altar of Nemelex Xobeh.
     0 | D        | Found a blossoming altar of Fedhas.
     1 | D        | Found the +6 Majin-Bo {vamp, Archmagi MP+6 Int+6}
     1 | D        | Found the +7 great mace "Firestarter" {inner flame, rF++}
     2 | D        | Found a transporter.
     2 | D        | Found an ancient bone altar of Kikubaaqudgha.
     2 | D        | Found a viscous altar of Jiyva.
     2 | D        | Found a corrupted altar of Lugonu.
     2 | D        | Found a hazy altar of Hepliaklqana.
     2 | D        | Found a burning altar of Makhleb.
     2 | D        | Found an opulent altar of Gozag.
    35 | D        | Found the +9 heavy crossbow "Sniper" {velocity, Acc+∞ SInv}
    35 | D        | Found the +10 dark maul {crush}
    35 | D        | Found the +15 Maxwell's patent armour {-Cast -Tele rElec
                  | MR+ rCorr}
    35 | D        | Found the +18 shield of the Gong {rElec rN+ MR+ EV-5}
    35 | D        | Found the cursed +14 obsidian axe {chop, +Fly SInv *Curse}
    36 | D        | Found the +6 shillelagh "Devastator" {shatter}
    36 | D        | Found the +11 plutonium sword {*Contam Stlth-}
    36 | D        | Found the +8 lance "Wyrmbane" {slay drac, rPois rF+ rC+
                  | AC+3}
    36 | D        | Found the +9 sword of Zonguldrok {reap}
    36 | D        | Found the cursed +13 scythe of Curses {drain, *Curse}
    36 | D        | Found the +0 sword of Power
    36 | D        | Found the +7 mace of Variability {chain chaos}
    36 | D        | Found the +7 Singing Sword {slice, sonic wave}
    36 | D        | Found the +8 storm bow {elec, penet}
    86 | D        | Became a worshipper of Kikubaaqudgha
    86 | D        | Reached * piety under Kikubaaqudgha
    86 | D        | Identified Kikubaaqudgha's Volume of Stolen Souls
                  | (Kikubaaqudgha gifted it to you in the Dungeon)
    86 | D        | Received a gift from Kikubaaqudgha
    86 | D        | Reached ** piety under Kikubaaqudgha
    96 | D        | Reached skill level 5 in Dodging
    96 | D        | Gained mutation: You have sharp fingernails. [demonic
                  | ancestry]
    96 | D        | Reached XP level 2. HP: 24/24 MP: 2/2
   201 | D        | Entered arena 2.
   201 | D        | Noticed a floating eye
   201 | D        | Noticed a golden eye
   201 | D        | Found a transporter.
   203 | D        | Paralysed by a floating eye for 3 turns
   206 | D        | Killed a floating eye
   206 | D        | Reached skill level 4 in Axes
   206 | D        | Reached XP level 3. HP: 31/31 MP: 3/3
   206 | D        | Gained mutation: You have very sharp fingernails. [demonic
                  | ancestry]
   206 | D        | Reached XP level 4. HP: 38/38 MP: 4/4
   216 | D        | Killed a golden eye
   216 | D        | Reached skill level 5 in Axes
   216 | D        | Reached skill level 5 in Stealth
   216 | D        | Reached XP level 5. HP: 46/46 MP: 5/5
   321 | D        | Entered arena 3.
   321 | D        | Found a transporter.
   325 | D        | Reached *** piety under Kikubaaqudgha
   325 | D        | Identified Kikubaaqudgha's Compendium of Stolen Souls
                  | (Kikubaaqudgha gifted it to you in the Dungeon)
   325 | D        | Received a gift from Kikubaaqudgha
   348 | D        | Entered arena 4.
   348 | D        | Noticed a cacodemon
   348 | D        | Found a transporter.
   351 | D        | Gained mutation: You have claws for hands. [demonic
                  | ancestry]
   351 | D        | Reached XP level 6. HP: 47/52 MP: 6/6
   352 | D        | Reached skill level 6 in Axes
   353 | D        | Gained mutation: You are weak. (Str -2) [a cacodemon]
   357 | D        | Killed a cacodemon
   357 | D        | Reached **** piety under Kikubaaqudgha
   357 | D        | Reached skill level 8 in Axes
   357 | D        | Reached XP level 7. HP: 56/63 MP: 7/7
   357 | D        | Reached XP level 8. HP: 62/70 MP: 8/8
   408 | D        | Entered arena 5.
   408 | D        | Found a transporter.
   414 | D        | Reached ***** piety under Kikubaaqudgha
   420 | D        | Entered arena 6.
   420 | D        | Noticed a polar bear
   420 | D        | Noticed a polar bear
   420 | D        | Found a transporter.
   425 | D        | Killed a polar bear
   425 | D        | Reached skill level 1 in Shields
   428 | D        | Killed a polar bear
   428 | D        | Reached skill level 9 in Axes
   441 | D        | Got the +0 cloak "Temac" {Int+10 Stlth+}
   515 | D        | Entered arena 7.
   515 | D        | Noticed a hellwing
   515 | D        | Noticed a thrashing horror
   516 | D        | Found a transporter.
   519 | D        | Killed a thrashing horror
   519 | D        | Reached skill level 10 in Fighting
   519 | D        | Reached skill level 10 in Axes
   519 | D        | Gained mutation: You are surrounded by a mild repulsion
                  | field. (EV +2) [demonic ancestry]
   519 | D        | Reached XP level 9. HP: 78/78 MP: 9/9
   522 | D        | Killed a hellwing
   522 | D        | Reached ****** piety under Kikubaaqudgha
   522 | D        | Reached skill level 5 in Shields
   535 | D        | Entered arena 8.
   535 | D        | Noticed a shining eye
   535 | D        | Noticed a green ugly thing
   535 | D        | Noticed a brown ugly thing
   536 | D        | Found a transporter.
   540 | D        | Reached skill level 11 in Axes
   541 | D        | Killed a brown ugly thing
   544 | D        | Killed a green ugly thing
   544 | D        | Gained mutation: You are clumsy. (Dex -2) [a shining eye]
   546 | D        | Gained mutation: Scrolls take you a little longer to read.
                  | [a shining eye]
   547 | D        | Reached skill level 12 in Axes
   548 | D        | Killed a shining eye
   755 | D        | Got Icuic's Reference Book on the Warped Snowflakes
   757 | D        | Entered arena 9.
   757 | D        | Noticed a wolf spider
   757 | D        | Noticed a wolf spider
   758 | D        | Found a transporter.
   761 | D        | Gained mutation: You are surrounded by a moderate repulsion
                  | field. (EV +3) [demonic ancestry]
   761 | D        | Reached XP level 10. HP: 76/88 MP: 10/10
   762 | D        | Killed a wolf spider
   765 | D        | Reached skill level 13 in Axes
   766 | D        | Killed a wolf spider
   995 | D        | Got the Guide on Lethal Moulding
  1001 | D        | Entered arena 10.
  1001 | D        | Noticed Rebeot the pandemonium lord
  1001 | D        | Noticed a rust devil
  1002 | D        | Identified the +7 hand crossbow of the Living Dead {venom,
                  | rElec rC- rN+++ Stlth-}
  1002 | D        | Found a transporter.
  1007 | D        | Killed a rust devil
  1008 | D        | Noticed a storm dragon
  1011 | D        | Noticed a golden dragon
  1013 | D        | Noticed a golden dragon
  1013 | D        | HP: 3/133 [red devil/+0 trident (6)]
  1015 | D        | Slain by a red devil

Skill      XL: |  1  2  3  4  5  6  7  8  9 10 |
---------------+-------------------------------+-----
Maces & Flails | 4 |  4.6
Dodging        | 5 6 7 9 |  9.4
Fighting       | 4 6 8 10 11 12 | 12.3
Axes           | 4 5 8 10 12 13 | 13.6
Stealth        | 4 5 8 |  8.4
Shields        | 4 7 8 |  8.2

Action                   |  1- 3 |  4- 6 |  7- 9 | 10-12 || total
-------------------------+-------+-------+-------+-------++-------
Melee: Broad axe         |     3 |    14 |    30 |    17 ||    64
  Use: Potion            |     1 |     1 |       |     1 ||     3
 Stab: Distracted        |       |     1 |       |     1 ||     2
Armor: Crystal plate arm |       |    14 |    47 |    16 ||    77
Dodge: Dodged            |       |     1 |     6 |    16 ||    23
Block: Shield            |       |     8 |    30 |    19 ||    57

Levels and vault maps discovered:
D:        sprint_v [room_start, room_1, room_2, room_3, room_4, room_5, room_6,
          room_7, room_8, room_9, room_10, room_11, room_12, room_13, room_14,
          room_15, room_16, room_17, room_18, room_19, room_20, room_21,
          room_22, room_23, room_24, room_25, room_26, room_27]
